 Dungeon Crawl Stone Soup version 0.29-a0-393-g47a863cc1b (webtiles) character file.

Game seed: 9995100745452814873

15012 Lekart the Spear-Bearer (level 11, -8/95 HPs)
             Began as a Pale Draconian Chaos Knight on May 10, 2022.
             Was a Plaything of Xom.
             Killed by divine providence
             ... invoked by a meliai
              (11 damage)
             ... on level 14 of the Dungeon.
             The game lasted 00:40:06 (12623 turns).

Lekart the Spear-Bearer (DrCK)                     Turns: 12623, Time: 00:40:06

Health: -8/95      AC: 14    Str: 16    XL:     11   Next: 96%
Magic:  17/17      EV: 14    Int: 18    God:    Xom [......]
Gold:   666        SH: 10    Dex: 14    Spells: 17/19 levels left

rFire   x . .      SeeInvis .   w - +5 spear (flame)
rCold   + + +      Faith    .   e - +0 kite shield
rNeg    . . .      Spirit   .   (body armour unavailable)
rPois   .          Reflect  .   j - +2 hat
rElec   .          Harm     .   p - scarf {repulsion}
rCorr   .          Rampage  .   d - +1 pair of gloves
Will    +....                   i - +2 pair of boots
Stlth   ++........              (no amulet)
HPRegen 0.25/turn               f - ring "Hamokh" {rC+ Will+ Int+4 Slay+3}
MPRegen 0.15/turn               t - ring of ice

@: about to teleport, repel missiles
A: breathe steam, AC +7, unfitting armour, cold-blooded, steam resistance,
hooves 1, horns 1, camouflage 1, cold resistance 1, screaming 1, strong 1
a: Breathe Steam, Renounce Religion


You were on level 14 of the Dungeon.
You worshipped Xom.
You were a very special plaything of Xom.
You visited 2 branches of the dungeon, and saw 15 of its levels.

You collected 972 gold pieces.
You spent 306 gold pieces at shops.

Inventory:

Hand Weapons
 a - a +0 falchion of chaos
 w - a +5 spear of flaming (weapon)
Missiles
 r - 3 throwing nets
Armour
 d - a +1 pair of gloves (worn)
 e - a +0 kite shield (worn)
 i - a +2 pair of boots (worn)
 j - a +2 hat (worn)
 p - a scarf of repulsion (worn)
Jewellery
 f - the ring "Hamokh" (left hand) {rC+ Will+ Int+4 Slay+3}
   (You found it on level 3 of the Dungeon)

   [ring of protection from cold]

   Int:       It affects your intelligence (+4).
   Slay:      It affects your accuracy & damage with ranged weapons and melee
   (+3).
   rC:        It protects you from cold.
   Will:      It increases your willpower.
 g - a ring of wizardry
 t - a ring of ice (right hand)
 C - an amulet of faith
Wands
 q - a wand of polymorph (8)
 A - a wand of paralysis (4)
 B - a wand of flame (11)
 F - a wand of digging (3)
 H - a wand of acid (7)
Scrolls
 h - 2 scrolls of blinking
 l - a scroll of immolation
 m - 3 scrolls of teleportation
 s - a scroll of fear
 v - 3 scrolls of vulnerability
 D - 2 scrolls of identify
Potions
 c - 7 potions of curing
 k - 4 potions of haste
 n - 2 potions of mutation
 o - 2 potions of invisibility
 u - 3 potions of ambrosia
 G - 2 potions of cancellation
Miscellaneous
 b - a piece from Xom's chessboard (3/15) (quivered)


   Skills:
 * Level 8.6 Fighting
 + Level 6.1 Long Blades
 + Level 10.4 Polearms
 + Level 8.5 Dodging
 + Level 7.7 Shields
 + Level 4.5 Spellcasting
 + Level 3.8 Transmutations
 + Level 3.7 Evocations


You had 17 spell levels left.
You knew the following spells:

 Your Spells              Type           Power      Damage    Failure   Level
a - Wereblood             Tmut           17%        N/A       11%         2

Your spell library contained the following spells:

 Spells                   Type           Power      Damage    Failure   Level
 Beastly Appendage        Tmut           34%        N/A       7%          1
 Spider Form              Tmut/Pois      10%        N/A       43%         3
 Ozocubu's Armour         Ice            6%         N/A       71%         3
 Portal Projectile        Hex/Tloc       8%         N/A       71%         3
 Summon Guardian Golem    Hex/Summ       4%         N/A       71%         3
 Blade Hands              Tmut           8%         N/A       89%         5
 Fulminant Prism          Conj/Hex       2%         3d6       98%         4
 Iskenderun's Mystic Bla  Conj/Tloc      4%         2d3       98%         4
 Excruciating Wounds      Necr           2%         N/A       100%        5
 Lee's Rapid Deconstruct  Erth           2%         3d5*      100%        5
 Metabolic Englaciation   Hex/Ice        3%         N/A       100%        5
 Summon Forest            Summ/Tloc      2%         N/A       100%        5
 Summon Mana Viper        Hex/Summ       4%         N/A       100%        5
 Iron Shot                Conj/Erth      2%         9d2       100%        6
 Simulacrum               Ice/Necr       3%         N/A       100%        6
 Summon Cactus Giant      Summ           2%         N/A       100%        6
 Orb of Destruction       Conj           2%         9d5       100%        7
 Spellforged Servitor     Conj/Summ      2%         N/A       100%        7
 Animate Armour           Summ/Erth      Unusable   N/A       N/A         4

Dungeon Overview and Level Annotations

Branches:
Dungeon (15/15)            Temple (1/1) D:4            Lair (0/6) D:10
    Orc: D:9-12      Vaults: D:13-14     Depths: D:15

Altars:
Ashenzari
Cheibriados
Dithmenos
Elyvilon
Fedhas
Gozag
Hepliaklqana
Kikubaaqudgha
Makhleb
Nemelex Xobeh
Okawaru
Qazlal
Ru
Sif Muna
Trog
Uskayaw
Vehumet
Wu Jian
Xom
Yredelemnul
Zin
The Shining One
Beogh

Shops:
D:9 ?

Portals:
Ice
Cave: D:11

Annotations:
D:2 exclusion: downstairs
D:9 exclusion: downstairs
D:10 2 transporters, flestrin's ghost, journeyman GnCj


Innate Abilities, Weirdness & Mutations

You can breathe blasts of scalding, opaque steam.
Your pale cyan-grey scales are hard. (AC +7)
You cannot fit into any form of body armour.
You are cold-blooded and may be slowed by cold attacks.
You are immune to the effects of steam.
You have large cloven feet.
You have a pair of small horns on your head.
Your skin changes colour to match your surroundings (Stealth+).
Your flesh is cold resistant. (rC+)
You occasionally shout uncontrollably at your foes.
Your muscles are strong. (Str +2)


Message History

You block the meliai's attack. The meliai stings you!
You are poisoned.
The meliai poisons you!
The centaur warrior wields a +0 longbow.
The centaur warrior shoots an arrow.
The arrow hits you!! The meliai barely misses you.
The meliai stings you but does no damage.
The centaur warrior shoots an arrow.
The arrow hits you!
As you read the scroll of teleportation, it crumbles to dust.
You feel strangely unstable.
You feel very sick. The meliai hits you but does no damage.
The meliai stings you.
The centaur warrior shoots an arrow.
The arrow hits you!
You feel better. You block the meliai's attack.
The meliai completely misses you. You block the meliai's attack. x2
The meliai closely misses you. The meliai barely misses you.
The meliai hits you with a +3 hand axe of electrocution!
The meliai misses you. The meliai hits you with a +0 hand axe!
You block the meliai's attack.
The meliai invokes the aid of its god against you.
Something smites you!
* * * LOW HITPOINT WARNING * * *
The wizard hits you but does no damage.
The centaur warrior shoots an arrow.
The arrow misses you.
The arrow misses the wizard.
The meliai attacks as you move away! The meliai hits you but does no damage.
You block the meliai's attack.
Found 13 stones.
The meliai hits you but does no damage. The meliai closely misses you.
The meliai mumbles some strange prayers to its god against you.
Something smites you!
* * * LOW HITPOINT WARNING * * *
The meliai misses you. The meliai stings you.
* * * LOW HITPOINT WARNING * * *
The centaur warrior unwields a +0 longbow.
The centaur warrior hits you.
* * * LOW HITPOINT WARNING * * *
The centaur warrior kicks you but does no damage.
The meliai invokes the aid of its god against you.
Something smites you!
You die...
Xom bursts into laughter!

≈. ...##..≈≈≈.#
≈≈ ... #..≈≈≈≈.
.≈≈≈≈.# ≈≈.≈≈≈.
.≈≈≈≈..###
.≈≈≈≈....#####
≈≈≈.≈≈......:#
.≈≈≈≈....c...#
.≈≈≈≈≈.y@....#
.≈≈≈≈≈y.y....#
#≈≈≈..p##.......
≈≈≈≈≈.. ....###
≈≈≈≈≈≈. ....#
≈≈≈≈..# ..(...
≈.≈.≈# ....###
##.## ##### ##


You could see a centaur warrior, a wizard and 3 meliai.

Vanquished Creatures
  A hydra (D:14)
  A centaur warrior (D:14)
  2 two-headed ogres
  A salamander (shapeshifter) (D:9)
  Psyche (D:8)
  A freezing wraith (D:14)
  A meliai (shapeshifter) (D:13)
  A wind drake (D:10)
  3 wraiths
  2 wyverns
  A water elemental (D:14)
  A shadow (D:10)
  2 steam dragons
  17 yaks
  3 vampire mosquitoes (D:10)
  An acid dragon (D:10)
  7 orc warriors
  A sky beast (D:9)
  3 ice beasts
  3 black bears
  3 ogres
  A wolf (D:8)
  A phantom (D:5)
  A kobold brigand (D:7)
  5 bullfrogs
  2 necrophages
  3 gnoll sergeants
  12 wights
  An electric eel (D:14)
  A howler monkey (D:5)
  3 hounds
  2 jellies (D:5)
  7 orc priests
  A gnoll shaman (D:6)
  4 iguanas
  13 orc wizards
  Robin (D:3)
  17 gnolls
  5 adders
  4 dart slugs
  66 orcs
  5 ball pythons
  A bat (D:3)
  2 endoplasms (D:2)
  A giant cockroach (D:2)
  22 goblins
  21 hobgoblins
  8 quokkas
  3 frilled lizards
  29 kobolds
  4 rats
302 creatures vanquished.

Vanquished Creatures (collateral kills)
  2 two-headed ogres
  A steelbarb worm (shapeshifter) (D:10)
  A cyclops (D:14)
  A gargoyle (D:10)
  A wraith (D:10)
  3 orc warriors (D:6)
  A kobold brigand (D:10)
  2 orcs
  A kobold (D:9)
13 creatures vanquished.

Vanquished Creatures (others)
  A dancing weapon (D:10)
  An adder (D:3)
  25 plants (D:5)
27 creatures vanquished.

Grand Total: 342 creatures vanquished

Notes
Turn   | Place    | Note
-------+----------+-------------------------------------------
     0 | D:1      | Lekart the Draconian Chaos Knight began the quest for the
                  | Orb.
     0 | D:1      | Reached XP level 1. HP: 19/19 MP: 1/1
    15 | D:1      | XOM: silly message
    84 | D:1      | XOM: god gift: 41 gold pieces
   168 | D:1      | Reached XP level 2. HP: 6/26 MP: 2/2
  1041 | D:2      | XOM: 1-stop teleportation journey
  1069 | D:2      | XOM is BORED!
  1069 | D:2      | XOM: 2-stop teleportation journey
  1076 | D:2      | XOM: noise
  1079 | D:2      | Reached skill level 1 in Spellcasting
  1079 | D:2      | Reached XP level 3. HP: 33/33 MP: 4/4
  1397 | D:2      | Found a faded altar of an unknown god.
  1518 | D:2      | Reached skill level 1 in Evocations
  1716 | D:3      | Noticed a necrophage
  1725 | D:3      | XOM: summons 3 friendly demons
  1725 | D:3      | XOM: butterfly on damage
  2013 | D:2      | Reached XP level 4. HP: 30/40 MP: 5/5
  2033 | D:2      | XOM: give mutations
  2033 | D:2      | Gained mutation: Your body sometimes deteriorates upon
                  | taking damage. [Xom's mischief]
  2033 | D:2      | Gained mutation: You have hidden genetic potential. [Xom's
                  | mischief]
  2226 | D:3      | XOM: 4-stop teleportation journey
  2231 | D:3      | XOM: 4-stop teleportation journey
  2470 | D:3      | XOM: destruction
  2479 | D:3      | Killed a necrophage
  2480 | D:3      | Reached XP level 5. HP: 32/46 MP: 7/7
  2504 | D:3      | Gained mutation: Your skin changes colour to match your
                  | surroundings (Stealth+). [hidden potential]
  2588 | D:3      | Identified the ring "Hamokh" {rC+ Will+ Int+4 Slay+3}
  2785 | D:3      | Noticed Robin
  2823 | D:3      | XOM: potion effect (invisibility)
  2840 | D:3      | Killed Robin
  2841 | D:3      | Reached skill level 1 in Shields
  2934 | D:3      | XOM: divination: magic mapping
  3047 | D:4      | XOM: divination: magic mapping
  3170 | D:4      | XOM: silly message
  3230 | D:4      | Found a staircase to the Ecumenical Temple.
  3236 | D:4      | Noticed a black bear
  3271 | D:4      | Learned a level 2 spell: Wereblood
  3273 | Temple   | Entered the Ecumenical Temple
  3501 | D:4      | Reached XP level 6. HP: 52/52 MP: 9/9
  3504 | D:4      | XOM: divination: detect items
  3517 | D:4      | Gained mutation: You expend magic power (3 MP) to
                  | strengthen your wands. [hidden potential]
  3517 | D:4      | Lost mutation: You have hidden genetic potential. [hidden
                  | potential expressed]
  3552 | D:4      | XOM: 6-stop teleportation journey
  3570 | D:4      | Reached skill level 1 in Transmutations
  3651 | D:4      | XOM: silly message
  3718 | D:4      | XOM: cast spell 'Metabolic Englaciation'
  3720 | D:4      | XOM: scenery: create altars
  3729 | D:4      | Reached skill level 5 in Long Blades
  3964 | D:4      | XOM: scenery: summon butterflies
  4135 | D:5      | Entered Level 5 of the Dungeon
  4173 | D:5      | Found a stormy altar of Qazlal.
  4179 | D:5      | XOM: scenery: summon butterflies
  4180 | D:5      | XOM: polymorph gnoll -> ball python
  4216 | D:5      | XOM: scenery: create altars
  4217 | D:5      | Your scales start taking on a pale cyan-grey colour.
  4217 | D:5      | Reached XP level 7. HP: 45/59 MP: 10/10
  4217 | D:5      | Gained mutation: You are immune to the effects of steam.
                  | [Pale Draconian growth]
  4265 | D:5      | XOM: god gift: scarf of repulsion
  4390 | D:5      | XOM: scenery: create altars
  4684 | D:5      | Found a hazy altar of Hepliaklqana.
  4777 | D:5      | XOM: confuse monster(s)
  4888 | D:5      | XOM: scenery: 1 doors open, 2 doors close
  4920 | D:5      | XOM: 2-stop teleportation journey
  5473 | D:5      | XOM: cleaving
  5479 | D:5      | Reached XP level 8. HP: 67/67 MP: 12/12
  5479 | D:5      | XOM: cast spell 'Summon Small Mammal'
  5521 | D:5      | XOM: give mutations
  5521 | D:5      | Gained mutation: Your flesh is heat resistant. (rF+) [Xom's
                  | grace]
  5521 | D:5      | Gained mutation: Your tail ends in a venomous barb. [Xom's
                  | grace]
  5521 | D:5      | Gained mutation: Your system is resistant to poisons.
                  | (rPois) [Xom's grace]
  5653 | D:5      | XOM: god gift: 11 stones
  5760 | D:6      | XOM: silly message
  5845 | D:6      | Reached skill level 1 in Polearms
  5996 | D:6      | XOM: butterfly on damage
  6020 | D:6      | XOM: confuse monster(s)
  6086 | D:5      | XOM: noise
  6265 | D:6      | XOM: divination: magic mapping
  6510 | D:6      | XOM: cast spell 'Summon Small Mammal'
  6518 | D:6      | Reached skill level 5 in Fighting
  6518 | D:6      | Reached skill level 2 in Polearms
  6566 | D:6      | XOM: smoke on damage
  6574 | D:6      | XOM: confuse monster(s)
  6757 | D:5      | XOM: give mutations
  6757 | D:5      | Gained mutation: You sometimes lose the ability to read
                  | scrolls when taking damage. [Xom's mischief]
  6757 | D:5      | Gained mutation: You are weak. (Str -2) [Xom's mischief]
  6757 | D:5      | Lost mutation: You are weak. (Str -2) [Xom's mischief]
  6757 | D:5      | Lost mutation: Your system is resistant to poisons. (rPois)
                  | [Xom's mischief]
  6789 | D:5      | Lost mutation: Your tail ends in a venomous barb. [potion
                  | of mutation]
  6789 | D:5      | Lost mutation: Your body sometimes deteriorates upon taking
                  | damage. [potion of mutation]
  6789 | D:5      | Lost mutation: You sometimes lose the ability to read
                  | scrolls when taking damage. [potion of mutation]
  6789 | D:5      | Gained mutation: You have a pair of small horns on your
                  | head. [potion of mutation]
  6789 | D:5      | Lost mutation: Your flesh is heat resistant. (rF+) [potion
                  | of mutation]
  6789 | D:5      | Gained mutation: Your flesh is cold resistant. (rC+)
                  | [potion of mutation]
  6789 | D:5      | Gained mutation: You have large cloven feet. [potion of
                  | mutation]
  6824 | D:6      | Reached skill level 3 in Polearms
  6995 | D:6      | Reached skill level 5 in Dodging
  6999 | D:6      | Reached XP level 9. HP: 71/74 MP: 14/14
  7095 | D:6      | XOM: enchant monster (good)
  7258 | D:7      | Reached skill level 4 in Polearms
  7299 | D:7      | XOM: divination: magic mapping
  7320 | D:7      | XOM: god gift: book of Weapons
  7589 | D:7      | Found a burning altar of Makhleb.
  7738 | D:7      | Reached skill level 5 in Polearms
  7778 | D:7      | XOM: divination: detect creatures
  8005 | D:7      | Reached skill level 5 in Shields
  8053 | D:7      | XOM: summons friendly crimson imp
  8181 | D:7      | XOM: silly message
  8189 | D:8      | Found an ancient bone altar of Kikubaaqudgha.
  8273 | D:8      | XOM: cast spell 'Statue Form'
  8275 | D:8      | Identified the +0 ring mail of the Stag {Slay+2}
  8288 | D:8      | Reached skill level 6 in Polearms
  8668 | D:8      | Noticed Maggie
  8669 | D:8      | Noticed Maggie
  8669 | D:8      | Maggie changed into Maggie the wolf
  8680 | D:8      | Killed Maggie the wolf
  8742 | D:8      | Reached XP level 10. HP: 84/84 MP: 15/15
  8767 | D:8      | XOM: cloud trail
  8913 | D:8      | Noticed Psyche
  8979 | D:7      | XOM: give mutation
  8979 | D:7      | Gained mutation: Your muscles are strong. (Str +2) [Xom's
                  | grace]
  9061 | D:8      | XOM: swap monsters
  9064 | D:8      | Killed Psyche
  9065 | D:8      | Reached skill level 7 in Polearms
  9191 | D:8      | Found a shimmering blue altar of Sif Muna.
  9198 | D:8      | XOM: potion effect (might)
  9428 | D:9      | XOM: polymorph kobold brigand -> shapeshifter
  9428 | D:9      | Noticed a salamander
  9428 | D:9      | a shapeshifter changed into a salamander
  9429 | D:9      | XOM: summons friendly iron imp
  9439 | D:9      | Killed a salamander
  9449 | D:9      | XOM: polymorph iron imp -> quasit
  9496 | D:9      | XOM: noise
  9497 | D:9      | XOM: give mutations
  9497 | D:9      | Gained mutation: Your spells are a little harder to cast,
                  | but a little more powerful. [Xom's mischief]
  9497 | D:9      | Lost mutation: You expend magic power (3 MP) to strengthen
                  | your wands. [Xom's mischief]
  9497 | D:9      | Lost mutation: Your spells are a little harder to cast, but
                  | a little more powerful. [Xom's mischief]
  9497 | D:9      | Gained mutation: You occasionally shout uncontrollably at
                  | your foes. [Xom's mischief]
  9609 | D:9      | XOM: noise
  9738 | D:9      | XOM: potion effect (haste)
  9859 | D:9      | XOM: 1-stop teleportation journey
  9899 | D:9      | XOM: scenery: create altars
  9900 | D:9      | XOM: 3-stop teleportation journey
 10010 | D:9      | Reached skill level 8 in Polearms
 10153 | D:9      | Found Yxzainez's Magic Scroll Shoppe.
 10161 | D:9      | Bought a scroll of teleportation for 36 gold pieces
 10161 | D:9      | Bought a scroll of magic mapping for 42 gold pieces
 10161 | D:9      | Bought 2 scrolls of summoning for 228 gold pieces
 10168 | D:9      | XOM: confusion
 10319 | D:9      | Noticed a two-headed ogre
 10323 | D:9      | XOM: blink monster(s)
 10329 | D:9      | Killed a two-headed ogre
 10564 | D:10     | Entered Level 10 of the Dungeon
 10564 | D:10     | Noticed a two-headed ogre
 10644 | D:10     | XOM: silly message
 10655 | D:10     | Found a transporter.
 10656 | D:10     | Noticed a tengu warrior
 10667 | D:10     | Noticed flestrin's ghost (journeyman GnCj)
 10673 | D:10     | Identified the +6 chain mail "Dyuziuc" {rElec rPois Will-
                  | Dex+5}
 10676 | D:10     | Found a bloodstained altar of Trog.
 10679 | D:10     | Noticed a moth of wrath
 10705 | D:10     | Found a staircase to the Lair.
 10718 | D:10     | Noticed a two-headed ogre
 10719 | D:10     | Noticed a gargoyle
 10720 | D:10     | Noticed a two-headed ogre
 10728 | D:10     | Killed a gargoyle
 10729 | D:10     | Reached XP level 11. HP: 92/92 MP: 17/17
 10730 | D:10     | XOM: scenery: summon butterflies
 10731 | D:10     | Killed a two-headed ogre
 10736 | D:10     | Reached skill level 9 in Polearms
 10742 | D:10     | Killed a two-headed ogre
 11095 | D:10     | Found a transporter.
 11188 | D:10     | XOM: chaos cloud
 11206 | D:10     | XOM: polymorph yak -> wind drake
 11238 | D:10     | XOM: summons 1 hostile shadow creature
 11280 | D:10     | XOM: polymorph orc -> shapeshifter
 11430 | D:10     | XOM: swap monsters
 11431 | D:10     | XOM: summons friendly ufetubus
 11431 | D:10     | Noticed a steelbarb worm
 11431 | D:10     | a water nymph changed into a steelbarb worm
 11447 | D:10     | Killed a steelbarb worm
 11627 | D:10     | Found a sparkling altar of Nemelex Xobeh.
 11807 | D:10     | Noticed a two-headed ogre
 11895 | D:11     | Found a frozen archway.
 11903 | D:11     | XOM: torment (43/94 hp)
 11911 | D:11     | You fall into a shaft and drop 3 floors!
 11911 | D:14     | Noticed a four-headed hydra
 11915 | D:14     | Noticed a centaur warrior
 11926 | D:14     | Killed a centaur warrior
 11927 | D:14     | Reached skill level 10 in Polearms
 11930 | D:14     | Killed a four-headed hydra
 12065 | D:13     | Noticed a tengu warrior
 12072 | D:13     | Noticed a centaur warrior
 12072 | D:13     | XOM: summons 6 hostile demons
 12077 | D:14     | Noticed a two-headed ogre
 12091 | D:14     | Killed a two-headed ogre
 12288 | D:15     | Entered Level 15 of the Dungeon
 12620 | D:14     | Noticed a wizard
 12620 | D:14     | Noticed a centaur warrior
 12620 | D:14     | XOM: 1-stop teleportation journey
 12623 | D:14     | HP: 3/95 [centaur warrior (2)]
 12623 | D:14     | Killed from afar by a meliai

Illustrated notes

Levels and vault maps discovered:
D:1:      shiori_arrival_maze, layout_loops_ring, serial_bayou_pond_b
D:2:      layout_rooms, hellmonk_ecumenical_altar_inner_sanctum,
          hangedman_decor_slide_cut
D:3:      layout_rooms, uniq_robin
D:4:      layout_rooms, minmay_temple_entry_offerings, eino_tiny_chamber
D:5:      corexii_shantytown, layout_loops_ring,
          nicolae_hepliaklqana_hippocampus, mainiacjoe_overflow_catwalk,
          serial_bayou, serial_bayou_shore_a, serial_bayou_pond_a,
          serial_bayou_shore_b, serial_bayou_pond_d, minmay_diced_spiral
D:6:      layout_rooms, minmay_misc_feat_cross, hangedman_decor_growths,
          nrook_pool_corridor
D:7:      layout_loops_ring, mainiacjoe_overflow_24_doors
D:8:      layout_rooms, nicolae_kikubaaqudgha_miasma_corner, led_sif_book,
          uniq_psyche, uniq_maggie
D:9:      layout_loops_cross, serial_shops, shop,
          hangedman_abyss_or_decor_passed
D:10:     layout_roguey [special_room_orc], nemelex_spade_bored_becter,
          lair_entry_dummy, gammafunk_ghost_wrathful_warriors,
          minmay_increasing_density
D:11:     layout_gridville, portal_ice_cave_demonic_guard, minmay_evil_grid,
          uniq_grum, uniq_erica
D:13:     layout_big_octagon, gauntlet_entry_generic
D:14:     layout_basic, serial_shops, shop_fountains,
          chequers_serial_rivers_large_a, nicolae_shop_self_help
D:15:     grunt_enter_depths_magical_seal, layout_basic, grunt_gozag_statues
Temple:   eino_temple_scatter_basement

Skill      XL: |  1  2  3  4  5  6  7  8  9 10 11 |
---------------+----------------------------------+-----
Spellcasting   | 1 2 3 4 |  4.5
Evocations     | 1 2 3 |  3.7
Long Blades    | 4 5 6 |  6.1
Fighting       | 4 5 6 7 8 |  8.6
Shields        | 1 2 4 5 6 7 |  7.7
Dodging        | 3 5 6 7 8 |  8.5
Transmutations | 1 2 3 |  3.8
Polearms       | 3 6 8 10 | 10.4

Action                   |  1- 3 |  4- 6 |  7- 9 | 10-12 || total
-------------------------+-------+-------+-------+-------++-------
Melee: Falchion          |   104 |   185 |    84 |       ||   373
       Tailslap          |    13 |    21 |    37 |    31 ||   102
       Spear             |       |       |   265 |   320 ||   585
       Headbutt          |       |       |    27 |    61 ||    88
       Kick              |       |       |     8 |       ||     8
 Cast: Wereblood         |       |       |     9 |     8 ||    17
 Abil: Breathe Steam     |       |       |    10 |    14 ||    24
Evoke: Piece from Xom's  |    16 |     9 |     9 |    13 ||    47
       Wand              |       |       |     2 |     4 ||     6
  Use: Scroll            |     2 |     3 |     4 |    21 ||    30
       Potion            |       |     5 |     1 |     5 ||    11
 Stab: Petrified         |    14 |       |       |       ||    14
       Paralysed         |     2 |     6 |     1 |     8 ||    17
       Petrifying        |     1 |     2 |     1 |       ||     4
       Invisible         |       |     2 |       |     1 ||     3
       Confused          |       |     1 |       |       ||     1
       Sleeping          |       |     1 |     8 |     2 ||    11
       Distracted        |       |       |     1 |       ||     1
Armor: Skin              |    33 |   107 |   136 |    77 ||   353
Dodge: Dodged            |    55 |   109 |   155 |   141 ||   460
       Repelled          |       |       |     3 |     1 ||     4
Block: Kite shield       |    17 |    75 |   150 |   136 ||   378

Table legend: (Time is in decaauts)
 A = Elapsed time spent in this place.
 B = Non-inter-level travel time spent in this place.
 C = Inter-level travel time spent in this place.
 D = Time resting spent in this place.
 E = Time spent auto-exploring this place.
 F = Levels seen in this place.
 G = Mean time per level.
                   A        B        C        D        E       F      G
               +--------+--------+--------+--------+--------+-----+--------+
         Total |  12680 |  12378 |    302 |   2544 |   7188 |  15 |  845.3 |
       Dungeon |  12492 |  12204 |    288 |   2544 |   7029 |  14 |  892.3 |
        Temple |    187 |    173 |     14 |      0 |    159 |   1 |  187.0 |
               +--------+--------+--------+--------+--------+-----+--------+

Top non-repeatable levels by time:
     D:5: 2050 daAuts
     D:7: 1321 daAuts
     D:9: 1206 daAuts
    D:10: 1203 daAuts
     D:2: 1151 daAuts
     D:6: 1129 daAuts
     D:1: 1002 daAuts
     D:4: 962 daAuts
     D:3: 889 daAuts
     D:8: 846 daAuts
    D:14: 629 daAuts
  Temple: 187 daAuts
    D:13: 53 daAuts
    D:11: 28 daAuts
    D:15: 18 daAuts
